 Dungeon Crawl Stone Soup version 0.24.0-123-gd5b16e6ec5 (webtiles) character file.

Game seed: 7778945424437609360, levelgen mode: deterministic

624 Mrkan the Shield-Bearer (level 7, -2/44 HPs)
             Began as a Gargoyle Fighter on Dec 17, 2019.
             Was a Follower of Dithmenos.
             Slain by a gnoll sergeant
             ... wielding a +0 trident
              (5 damage)
             ... on level 6 of the Dungeon.
             The game lasted 00:08:12 (4194 turns).

Mrkan the Shield-Bearer (Gargoyle Fighter)          Turns: 4194, Time: 00:08:13

Health: -2/44      AC: 13    Str: 25    XL:     7   Next: 47%
Magic:  16/16      EV:  8    Int:  9    God:    Dithmenos [*.....]
Gold:   195        SH: 10    Dex: 10    Spells: 6/6 levels left

rFire    + . .     SeeInvis .   r - +0 broad axe
rCold    + . .     Gourm    .   c - +0 shield
rNeg     + . .     Faith    .   b - +0 scale mail
rPois    ∞         Spirit   .   (no helmet)
rElec    +         Reflect  .   B - scarf {rC+ rF+}
rCorr    .         Harm     .   (no gloves)
MR       .....                  y - +0 pair of boots
Stlth    ..........             (no amulet)
HPRegen  0.14/turn              n - ring of magical power
MPRegen  0.15/turn              (no ring)

@: mighty, wreathed by umbra
A: negative energy resistance 1, electricity resistance, unbreathing,
petrification resistance, rot immunity, AC +4
a: Renounce Religion


You were on level 6 of the Dungeon.
You worshipped Dithmenos.
Dithmenos was aware of your devotion.
You were near starving.

You visited 1 branch of the dungeon, and saw 6 of its levels.

You collected 251 gold pieces.
You spent 56 gold pieces at shops.

Inventory:

Hand Weapons
 a - a +0 flail
 r - a +0 broad axe (weapon)
Armour
 b - a +0 scale mail (worn)
 c - a +0 shield (worn)
 y - a +0 pair of boots (worn)
 B - a scarf of resistance (worn)
 C - a scarf of cloud immunity
Jewellery
 n - a ring of magical power (left hand)
 D - a cursed ring of teleportation {unknown}
 E - a cursed +6 ring of protection
Wands
 o - a wand of paralysis (13)
 G - a wand of polymorph (13)
Scrolls
 h - 5 scrolls of identify {unknown}
 k - 6 scrolls of remove curse {unknown}
 m - 3 scrolls of teleportation {unknown}
 q - a scroll of blinking {unknown}
 s - a scroll of enchant armour {unknown}
 t - 2 scrolls of fog {unknown}
 w - 2 scrolls of amnesia {unknown}
 z - a scroll of magic mapping {unknown}
 F - a scroll of noise {unknown}
Potions
 d - a potion of might
 e - a potion of berserk rage {unknown}
 g - a potion of mutation {unknown}
 i - 3 potions of degeneration {unknown}
 j - a potion of brilliance {unknown}
 l - a potion of agility {unknown}
 p - 3 potions of invisibility {unknown}
 u - a potion of lignification {unknown}
 v - 3 potions of curing
 x - a potion of heal wounds {unknown}
 A - a potion of resistance {unknown}
Comestibles
 f - 10 rations


   Skills:
 + Level 5.0 Fighting
 * Level 3.3(3.9) Axes
 - Level 3.5(4.2) Maces & Flails
 + Level 5.0 Armour
 + Level 5.0 Shields


You had 6 spell levels left.
You didn't know any spells.
Your spell library was empty.

Dungeon Overview and Level Annotations

Branches:
Dungeon (6/15)
 Temple: D:4-7

Altars:
Ashenzari
Dithmenos

Shops:
D:4 (

Annotations:
D:5 2 runed translucent doors


Innate Abilities, Weirdness & Mutations

You are resistant to torment.
Your stone body is resilient. (AC +4)
You are immune to poison.
You resist negative energy. (rN+)
You are resistant to electric shocks. (rElec)
You can survive without breathing.
You are immune to petrification.
You are immune to rotting.


Message History

The bullfrog skeleton barely misses you.
The leopard gecko bites you but does no damage.
You block the phantom's attack.
The crimson imp blinks!
You block the wight's attack.
The gnoll sergeant hits you but does no damage. x2
You block the leopard gecko's attack. You block the gnoll sergeant's attack.
The leopard gecko bites you.
* * * LOW HITPOINT WARNING * * *
Found 18 gold pieces.
You block the leopard gecko's attack.
The leopard gecko hisses menacingly.
You feel very mighty all of a sudden.
The phantom blinks!
The leopard gecko bites you but does no damage.
You slash the leopard gecko!
You kill the leopard gecko!
Dithmenos accepts your kill. You block the gnoll sergeant's attack.
The wight hits you but does no damage.
The gnoll sergeant hits you from afar with a +0 trident.
You die...

. .##..# #......#
....... .#..# #>.....#
........ ...# #......#
.........#..# #......#
....... ...# #......#
..$.... #.###......#
.......
###Z)†.......##
#.....##o.Y)†......(.#
#....@zg#.#..#..###.#
#....####g.§.##...##.#
....# #<..##...^..#.##
... #..#.##.##.#W...#
. .........##.#.....
..............#.##
........###..###.#
......# #.## #.# ....
#.# #.#


You could see an orc warrior, an ice beast, 2 gnoll sergeants, a wight and a
howler monkey skeleton.

Vanquished Creatures
  A bullfrog (D:6)
  Blork the orc (D:5)
  2 scorpions
  3 hounds
  2 orc wizards
  2 worker ants
  A hound zombie (D:5)
  A hound skeleton (D:5)
  3 gnolls (D:3)
  5 adders
  A howler monkey skeleton (D:4)
  An adder zombie (D:5)
  3 worms
  A dart slug (D:1)
  4 leopard geckos
  8 orcs
  5 bats
  4 giant cockroaches
  6 goblins
  9 hobgoblins
  2 jackals (D:2)
  2 kobolds (D:2)
  A quokka (D:2)
  A ball python (D:5)
  3 frilled lizards
  A leopard gecko zombie (D:5)
  8 rats
81 creatures vanquished.

Notes
Turn   | Place    | Note
-------+----------+-------------------------------------------
     0 | D:1      | Mrkan the Gargoyle Fighter began the quest for the Orb.
     0 | D:1      | Reached XP level 1. HP: 14/14 MP: 1/1
   269 | D:1      | Reached XP level 2. HP: 19/19 MP: 2/2
  1066 | D:2      | Reached XP level 3. HP: 22/23 MP: 3/3
  1317 | D:2      | Found a shadowy altar of Dithmenos.
  1347 | D:2      | Became a worshipper of Dithmenos the Shadowed
  1364 | D:2      | Reached XP level 4. HP: 18/29 MP: 4/4
  1918 | D:3      | Found a shattered altar of Ashenzari.
  1995 | D:3      | Reached XP level 5. HP: 32/33 MP: 5/5
  2282 | D:4      | Found Jufiy's Weapon Emporium.
  2293 | D:4      | Bought a +0 broad axe for 56 gold pieces
  2454 | D:4      | Reached * piety under Dithmenos
  2518 | D:4      | Reached skill level 1 in Axes
  2857 | D:4      | Reached XP level 6. HP: 39/39 MP: 6/6
  3131 | D:5      | Entered Level 5 of the Dungeon
  3158 | D:5      | Found a runed translucent door.
  3159 | D:5      | Noticed a soldier ant
  3175 | D:5      | Found a runed translucent door.
  3364 | D:5      | Noticed Blork the orc
  3384 | D:5      | Killed Blork the orc
  3531 | D:5      | Reached XP level 7. HP: 18/44 MP: 7/7
  4186 | D:6      | Reached skill level 5 in Fighting
  4186 | D:6      | Reached skill level 5 in Armour
  4186 | D:6      | Reached skill level 5 in Shields
  4194 | D:6      | Slain by a gnoll sergeant

Levels and vault maps discovered:
D:1:      dpeg_arrival_chase, layout_basic, serial_bayou_lagoon_a,
          serial_bayou_lake_a
D:2:      layout_basic, kennysheep_big_empty_room, minmay_tree_intersection,
          nicolae_dithmenos_through_a_glass_darkly
D:3:      layout_rooms, ashenzari_altar_1
D:4:      layout_gridville, first_ration, serial_shops, shop_statue
D:5:      lemuel_insect_pit, layout_basic, kennysheep_boxes, uniq_blork_the_orc
D:6:      layout_rooms, lemuel_blue_sif_altar, serial_shops,
          nicolae_shop_statue_plus, basic_altar, sword_in_stone

Skill      XL: |  1  2  3  4  5  6  7 |
---------------+----------------------+-----
Maces & Flails | 3 |  3.5
Armour         | 4 5 |  5.0
Fighting       | 4 5 |  5.0
Shields        | 4 5 |  5.0
Axes           | 1 2 3 |  3.3

Action                   |  1- 3 |  4- 6 |  7- 9 || total
-------------------------+-------+-------+-------++-------
Melee: Flail             |   154 |    58 |       ||   212
       Broad axe         |       |    84 |    31 ||   115
  Use: Potion            |       |       |     1 ||     1
  Eat: Chunk             |     2 |     3 |     1 ||     6
       Ration            |       |     1 |       ||     1
Armor: Scale mail        |   102 |    89 |    56 ||   247
Dodge: Dodged            |    40 |    51 |    30 ||   121
Block: Shield            |    93 |    74 |    41 ||   208
